AoeStats
← ogipochi_

Arabia

504761339Analyzed
4v4 RM · 27d ago on Sep 6, 2026· 48m 49s· 8 players
Game mode
Random Map
Map size
Large (8 player)
Population
200
Speed
Normal
Resources
Standard
Victory
Conquest
Starting age
Dark Age
Ending age
Imperial Age
RankedLock teamsTeams togetherTeam positionsShared explorationLock speedFull tech treeHidden civsTurbo modeCheats
Victory
Defeat
🇪🇸 Slavs · Spain
875
+13
🇯🇵 Spanish · Japan
866
+14
🇬🇧 Burgundians · United Kingdom
854
+23
🇿🇦 Tupi · South Africa
835
+15
🇹🇷 Britons · Türkiye
924
-56
🇹🇷 Inca · Türkiye
804
-14
🇹🇷 Lithuanians · Türkiye
772
-12
🇹🇷 Maya · Türkiye
749
-11
ogipochi_
9:13 Loom
11:17 Feudal Age
11:52 Double-Bit Axe
11:58 Stone Mining
13:15 Wheelbarrow
12:25 Town Watch
19:30 Castle Age
17:48 Padded Archer Armor
18:51 Horse Collar
19:03 Gold Mining
28:15 Caravan
30:23 Bloodlines
30:13 Husbandry
30:31 Heavy Plow
30:54 Hand Cart
31:39 Stone Shaft Mining
35:07 Imperial Age
34:05 Ballistics
33:56 Fortified Wall
36:03 Elite Conquistador
37:06 Conscription
37:05 Leather Archer Armor
38:18 Chemistry
39:39 Arrowslits
40:28 Ring Archer Armor
Zafar
6:49 Loom
9:38 Feudal Age
10:26 Double-Bit Axe
10:25 Horse Collar
21:52 Castle Age
20:09 Fletching
20:21 Arson
20:40 Padded Archer Armor
22:47 Bow Saw
22:41 Heavy Plow
23:22 Leather Archer Armor
23:03 Bodkin Arrow
24:52 Wheelbarrow
26:46 Gold Mining
26:49 Stone Mining
27:19 Hand Cart
29:23 Gold Shaft Mining
33:44 Imperial Age
31:41 Squires
31:02 Pikeman
32:35 Forging
33:47 Ballistics
33:24 Murder Holes
35:40 Chemistry
34:47 Scale Mail Armor
34:49 Capped Ram
35:41 Siege Ram
37:24 Chain Mail Armor
38:17 Two-Man Saw
38:29 Elite Skirmisher
39:45 Conscription
39:32 Bracer
41:03 Plate Mail Armor
42:22 Iron Casting
41:36 Town Watch
42:33 Curare
42:42 Halberdier
45:53 Hoardings
46:50 Ring Archer Armor
CTM | sergiobcn
8:22 Loom
10:39 Feudal Age
11:37 Double-Bit Axe
17:22 Wheelbarrow
21:44 Castle Age
20:57 Bloodlines
21:11 Scale Barding Armor
22:06 Forging
22:07 Gold Mining
23:05 Bow Saw
22:29 Light Cavalry
24:59 Chain Barding Armor
26:01 Husbandry
27:23 Stone Mining
27:21 Horse Collar
27:29 Town Watch
28:56 Iron Casting
28:49 Fletching
31:07 Gold Shaft Mining
35:33 Imperial Age
35:49 Cavalier
37:13 Capped Ram
39:54 Two-Man Saw
41:29 Heavy Plow
42:08 Plate Barding Armor
43:56 Conscription
44:55 Blast Furnace
44:28 Hand Cart
43:48 Heavy Scorpion
44:46 Elite Boyar
45:48 Detinets
46:30 Hoardings
46:19 Ballistics
45:58 Bodkin Arrow
46:48 Caravan
47:18 Padded Archer Armor
48:13 Town Patrol
48:31 Leather Archer Armor
47:39 Elite Skirmisher
48:58 Squires
48:19 Pikeman
Nano
8:28 Loom
10:13 Feudal Age
9:25 Double-Bit Axe
9:33 Gold Mining
11:54 Wheelbarrow
17:59 Castle Age
19:23 Gold Shaft Mining
19:16 Cavalier
22:47 Hand Cart
24:47 Forging
25:37 Horse Collar
29:01 Scale Barding Armor
30:50 Husbandry
32:17 Iron Casting
38:45 Imperial Age
37:16 Chain Barding Armor
38:49 Paladin
40:55 Plate Barding Armor
41:33 Conscription
41:24 Burgundian Vineyards
49:17 Blast Furnace
49:17 Stone Mining
keskek
8:26 Loom
10:13 Feudal Age
16:58 Gold Mining
16:57 Double-Bit Axe
21:41 Castle Age
20:23 Scale Mail Armor
20:42 Horse Collar
21:15 Stone Mining
23:03 Wheelbarrow
22:24 Eagle Warrior
24:23 Forging
24:27 Squires
24:14 Arson
26:17 Chain Mail Armor
28:13 Stone Shaft Mining
29:05 Iron Casting
28:23 Fletching
29:38 Padded Archer Armor
29:56 Thumb Ring
35:06 Imperial Age
33:36 Bow Saw
35:09 Leather Archer Armor
34:49 Bodkin Arrow
36:29 Conscription
36:53 Elite Plumed Archer
38:51 Holcans
45:51 Hul'che Javelineers
45:45 Elite Skirmisher
Stephan Carlsen
3:59 Loom
10:41 Feudal Age
11:16 Double-Bit Axe
11:13 Horse Collar
11:25 Champi Runner
12:14 Gold Mining
14:52 Arson
17:30 Wheelbarrow
19:01 Stone Mining
24:06 Castle Age
23:52 Forging
23:42 Scale Mail Armor
24:22 Pikeman
28:39 Squires
29:18 Hand Cart
30:12 Heavy Plow
30:34 Bow Saw
HonoredShark227
6:42 Loom
6:58 Loom
11:45 Feudal Age
13:24 Double-Bit Axe
14:11 Town Watch
17:40 Horse Collar
18:52 Wheelbarrow
19:55 Stone Mining
20:04 Gold Mining
22:45 Castle Age
21:27 Fletching
21:38 Padded Archer Armor
23:49 Leather Archer Armor
24:19 Pikeman
29:24 Heavy Plow
30:39 Gold Shaft Mining
30:58 Bow Saw
32:46 Squires
32:47 Bodkin Arrow
35:26 Imperial Age
33:27 Hand Cart
38:09 Yeomen
37:18 Elite Longbowman
44:42 Town Patrol
A3NC
3:22 Loom
11:09 Feudal Age
18:14 Bloodlines
18:18 Scale Barding Armor
18:29 Forging
21:33 Castle Age
19:43 Horse Collar
19:56 Double-Bit Axe
21:15 Gold Mining
21:45 Forging
22:52 Husbandry
24:49 Wheelbarrow
29:51 Fervor
33:48 Bow Saw
33:43 Heavy Plow
34:03 Hand Cart
38:58 Chain Barding Armor
43:37 Imperial Age
48:03 Pikeman
Connection lost

Rejoining the realm…

Still unreachable

The connection could not be restored.

Session expired

The server has moved on; the page needs a fresh start.